 Dungeon Crawl Stone Soup version 0.31-a0-844-gdc52ec4 (webtiles) character file.

Game seed: 16165956874892110258

69 BarneyGumball the Conjurer (level 4, 30/30 HPs)
             Began as a Demonspawn Conjurer on Sept 29, 2023.
             Quit the game on level 3 of the Dungeon.
             The game lasted 00:04:03 (2212 turns).

BarneyGumball the Conjurer (Demonspawn Conjurer)    Turns: 2212, Time: 00:04:03

Health: 30/30      AC:  2    Str:  8    XL:     4   Next: 2%
Magic:  7/7        EV: 12    Int: 21    God:
Gold:   125        SH:  4    Dex: 11    Spells: 4/7 levels left

rFire   . . .        k - +2 falchion (elec)
rCold   . . .        (no shield)
rNeg    . . .        a - +0 robe
rPois   .            (no helmet)
rElec   .            (no cloak)
rCorr   .            (no gloves)
SInv    .            (no boots)
Will    .....        (no amulet)
Stlth   ++           (no ring)
HPRegen 0.25/turn    (no ring)
MPRegen 0.10/turn

%: no passive effects
@: no status effects
A: foul stench 2, condensation shield
a: no special abilities


You were on level 3 of the Dungeon.
You visited 1 branch of the dungeon, and saw 3 of its levels.

You collected 125 gold pieces.

Inventory:

Hand Weapons
 k - a +2 falchion of electrocution (weapon)
Armour
 a - a +0 robe (worn)
Jewellery
 f - an amulet of guardian spirit
Scrolls
 d - a scroll of immolation {unknown}
 e - a scroll of revelation {unknown}
 h - 3 scrolls of teleportation {unknown}
 i - a scroll of blinking {unknown}
 j - a scroll of summoning {unknown}
 m - a scroll of identify {unknown}
 o - a scroll of enchant armour {unknown}
Potions
 b - a potion of magic
 c - 2 potions of brilliance {unknown}
 g - a potion of degeneration {unknown}
 l - a potion of heal wounds {unknown}
 n - a potion of lignification {unknown}
 p - a potion of attraction {unknown}


   Skills:
 - Level 1.7 Dodging
 - Level 1.7 Stealth
 - Level 2.0 Spellcasting
 + Level 4.8 Conjurations
 + Level 2.2 Translocations


You had 4 spell levels left.
You knew the following spells:

 Your Spells              Type           Power      Damage    Failure   Level
a - Magic Dart            Conj           88%        1d7       1%          1
b - Searing Ray           Conj           44%        2d6       3%          2

Your spell library contained the following spells:

 Spells                   Type           Power      Damage    Failure   Level
 Slow                     Hex            8%         N/A       14%         1
 Dazzling Flash           Conj/Hex       24%        N/A       16%         3
 Iskenderun's Mystic Bla  Conj/Tloc      17%        2d5       34%         4
 Confusing Touch          Hex            2%         N/A       41%         3
 Sigil of Binding         Hex            2%         N/A       41%         3
 Vampiric Draining        Necr           2%         2d6       41%         3
 Fulminant Prism          Conj/Hex       6%         3d7       47%         4


Dungeon Overview and Level Annotations

Branches:
Dungeon (3/15)

Altars:
Hepliaklqana


Innate Abilities, Weirdness & Mutations

You sometimes emit foul miasma when damaged in melee.
A meltable shield of frost defends you. (SH +4)


Message History

The searing ray hits Robin!
Robin is almost dead.
You finish channelling your searing ray.
The goblin hits you but does no damage.
Casting: Searing Ray (safe; 3% risk of failure)
Confirm with . or Enter, or press ? or * to list all spells.
You don't have enough magic to cast this spell.
Casting: Searing Ray (safe; 3% risk of failure)
Confirm with . or Enter, or press ? or * to list all spells.
Aiming: Magic Dart (safe; 1% risk of failure)
Press: ? - help, Shift-Dir - straight line, f - Robin
Aim: Robin, wielding a +0 club, wearing a +0 animal skin and wearing a +1 helmet (almost dead, 100% to hit)
The magic dart hits Robin.
You kill Robin!
The goblin hits you with a +0 club.
You emit a cloud of foul miasma!
You slash the goblin!
You kill the goblin!
You have reached level 4!
You feel stronger.
Your demonic ancestry asserts itself...
Frost condenses into a shield before you.
You swing at nothing.
You hit the hobgoblin.
The hobgoblin is almost dead.
The hobgoblin hits you.
You emit a cloud of foul miasma!
You barely miss the hobgoblin.
The hobgoblin is almost dead.
The hobgoblin is engulfed in dark miasma.
The hobgoblin is poisoned.
You kill the hobgoblin!
Things that are here:
a +0 club; a goblin corpse You start resting.
HP restored.
You start resting.
Magic restored.
Things that are here:
a +0 club; a goblin corpse
Items here: ))) †.
Items here: ))) [[ ††.
Are you sure you want to abandon this character and quit the game? (Confirm with "yes".)

..# #.#
..#
########.#
.#
#........#
#.########
#)# #.#
#)# #)#
#@# #.#
#.# #.#
#.# #.#
#.# #..


There were no monsters in sight!

Vanquished Creatures
  Robin (D:3)
  An adder (D:2)
  3 dart slugs
  4 orcs (D:3)
  4 ball pythons
  An endoplasm (D:3)
  A giant cockroach (D:1)
  7 goblins
  3 hobgoblins
  3 jackals (D:1)
  3 kobolds
  2 bats
  A frilled lizard (D:1)
  3 rats
37 creatures vanquished.

Notes
Turn   | Place    | Note
-------+----------+-------------------------------------------
     0 | D:1      | BarneyGumball the Demonspawn Conjurer began the quest for
                  | the Orb.
     0 | D:1      | Reached XP level 1. HP: 13/13 MP: 3/3
   206 | D:1      | Reached skill level 1 in Translocations
   206 | D:1      | Gained mutation: You may rarely emit foul miasma when
                  | damaged in melee. [demonic ancestry]
   206 | D:1      | Reached XP level 2. HP: 19/19 MP: 0/5
   342 | D:1      | Found a faded altar of an unknown god.
   851 | D:2      | Learned a level 2 spell: Searing Ray
   915 | D:2      | Gained mutation: You sometimes emit foul miasma when
                  | damaged in melee. [demonic ancestry]
   915 | D:2      | Reached XP level 3. HP: 24/24 MP: 2/6
   979 | D:2      | Found a hazy altar of Hepliaklqana.
  2136 | D:3      | Noticed Robin
  2143 | D:3      | Killed Robin
  2145 | D:3      | Gained mutation: A meltable shield of frost defends you.
                  | (SH +4) [demonic ancestry]
  2145 | D:3      | Reached XP level 4. HP: 18/30 MP: 0/7
  2212 | D:3      | Quit the game

Illustrated notes

Levels and vault maps discovered:
D:1:      onia_arrival_pentagram, layout_rooms, ebering_ecumenical_altar_ruins
D:2:      layout_loops_ring, basic_altar, chequers_garden
D:3:      layout_basic, gammafunk_ghost_smash, hangedman_decor_diamond_cutter,
          uniq_robin, uniq_pargi, uniq_crazy_yiuf_cottage

Skill      XL: |  1  2  3 |
---------------+----------+-----
Translocations | 1 2 |  2.2
Dodging        | |  1.7
Stealth        | |  1.7
Spellcasting   | |  2.0
Conjurations   | |  4.8

Action                     |  1- 3 |  4- 6 || total
---------------------------+-------+-------++-------
  Melee: Dagger            |     8 |       ||     8
         Falchion          |     1 |     2 ||     3
   Cast: Magic Dart        |    60 |       ||    60
         Searing Ray       |     3 |       ||     3
 Armour: Robe              |    16 |     1 ||    17
  Dodge: Dodged            |    14 |       ||    14

Table legend: (Time is in decaauts)
 A = Elapsed time spent in this place.
 B = Non-inter-level travel time spent in this place.
 C = Inter-level travel time spent in this place.
 D = Time resting spent in this place.
 E = Time spent auto-exploring this place.
 F = Levels seen in this place.
 G = Mean time per level.
                   A        B        C        D        E       F      G
               +--------+--------+--------+--------+--------+-----+--------+
         Total |   2212 |   2160 |     52 |    199 |   1723 |   3 |  737.3 |
       Dungeon |   2212 |   2160 |     52 |    199 |   1723 |   3 |  737.3 |
               +--------+--------+--------+--------+--------+-----+--------+

Top non-repeatable levels by time:
     D:2: 895 daAuts
     D:1: 789 daAuts
     D:3: 527 daAuts
